 Dungeon Crawl Stone Soup version 0.21.0-3-g78d12a8bdd (webtiles) character file.

373 coldbreeze the Skirmisher (level 6, 0/48 HPs)
             Began as a Demonspawn Gladiator on Jan 14, 2018.
             Succumbed to a gnoll's poison
             ... on level 5 of the Dungeon.
             The game lasted 00:07:28 (2290 turns).

coldbreeze the Skirmisher (Demonspawn Gladiator)    Turns: 2290, Time: 00:07:28

Health: 0/48       AC:  7    Str: 21    XL:     6   Next: 43%
Magic:  0/6        EV:  6    Int:  9    God:
Gold:   228        SH:  0    Dex: 15    Spells: 5/5 levels left

rFire    . . .     SeeInvis .   n - +4 short sword (elec)
rCold    . . .     Gourm    .   (no shield)
rNeg     . . .     Faith    .   l - +0 ring mail
rPois    .         Spirit   +   (helmet restricted)
rElec    .         Reflect  .   (no cloak)
rCorr    .         Harm     .   (no gloves)
MR       .....                  (no boots)
Stlth    +.........             (no amulet)
HPRegen  0.16/turn              (no ring)
MPRegen  0.10/turn              (no ring)

@: mighty, lethally poisoned (0 -> -8), flying, held
A: antennae 1, icy blue scales 1, spiny 1, magic shield
a: no special abilities


You were on level 5 of the Dungeon.
You were not hungry.

You visited 1 branch of the dungeon, and saw 5 of its levels.

You collected 228 gold pieces.

Inventory:

Hand Weapons
 n - a +4 short sword of electrocution (weapon)
Missiles
 d - 3 throwing nets (quivered)
Armour
 c - a +0 chain mail
 l - a +0 ring mail (worn)
Scrolls
 e - a scroll of teleportation {unknown}
 g - 2 scrolls of remove curse
 i - 2 scrolls of blinking {unknown}
 j - 7 scrolls of identify {unknown}
 k - 3 scrolls of enchant armour {unknown}
 m - 2 scrolls of amnesia {unknown}
 p - a scroll of immolation {unknown}
Potions
 h - 2 potions of flight
 o - a potion of heal wounds {unknown}
 q - a potion of degeneration {unknown}
 s - a potion of berserk rage {unknown}
Comestibles
 f - 7 rations
 t - 2 chunks of flesh


   Skills:
 - Level 4.0 Fighting
 + Level 3.7 Short Blades
   Level 3.1 Polearms
 - Level 1.7 Throwing
 - Level 2.3 Armour
 - Level 2.7 Dodging


You had 5 spell levels left.
You didn't know any spells.

Dungeon Overview and Level Annotations

Branches:
Dungeon (5/15)
 Temple: D:4-7

Altars:
Ashenzari
Nemelex Xobeh
Yredelemnul


Innate Abilities, Weirdness & Mutations

You have a pair of small antennae on your head.
You are partially covered in icy blue scales. (AC +2)
You are partially covered in sharp spines.
When hurt, damage is shared between your health and your magic reserves.


Message History

Your nose twitches suddenly!
It was a scroll of random uselessness.
The quokka bites you but does no damage.
The gnoll hits you with a flail of venom!
* * * LOW HITPOINT WARNING * * *
You are lethally poisoned!
The dart slug barely misses you.
The gnoll hits you but does no damage. x2
It was a potion of flight.
You feel very buoyant.
You fly up into the air.
* * * LOW HITPOINT WARNING * * *
You feel sick. The quokka is struck by your spines.
You kill the quokka!
The ogre is struck by your spines. The ogre hits you with a giant club.
* * * LOW HITPOINT WARNING * * *
The gnoll barely misses you.
The dart slug bites you but does no damage.
The gnoll hits you but does no damage. x2
It was a potion of might.
You feel very mighty all of a sudden.
You die...

###### #....# #....#
####....##
##........##...
#..............
######O....#...r....
#....@or............
#....gwg............
#....g.g............
#.......##.........#
#######.............
......#.......
......###. ......


You could see an ogre, 4 gnolls, a dart slug, an orc and a quokka.

Vanquished Creatures
  A howler monkey (D:4)
  An orc priest (D:3)
  A bullfrog skeleton (D:4)
  2 orc wizards
  2 worker ants (D:4)
  Terence (D:2)
  7 adders
  An ooze (D:3)
  An adder skeleton (D:4)
  A worm (D:3)
  A dart slug (D:1)
  A leopard gecko (D:3)
  8 orcs
  7 bats
  2 giant cockroaches
  9 goblins
  8 hobgoblins
  6 jackals (D:2)
  7 kobolds
  3 quokkas
  3 frilled lizards
  6 rats
79 creatures vanquished.

Notes
Turn   | Place    | Note
-------+----------+-------------------------------------------
     0 | D:1      | coldbreeze the Demonspawn Gladiator began the quest for the Orb.
     0 | D:1      | Reached XP level 1. HP: 16/16 MP: 1/1
   237 | D:1      | Gained mutation: You are partially covered in sharp spines. [demonic ancestry]
   237 | D:1      | Reached XP level 2. HP: 20/22 MP: 2/2
   899 | D:2      | Noticed Terence
   919 | D:2      | Killed Terence
   919 | D:2      | Reached skill level 3 in Fighting
   919 | D:2      | Gained mutation: You are partially covered in icy blue scales. (AC +2) [demonic ancestry]
   919 | D:2      | Reached XP level 3. HP: 23/29 MP: 3/3
  1038 | D:2      | Reached skill level 4 in Fighting
  1038 | D:2      | Reached XP level 4. HP: 22/37 MP: 4/4
  1169 | D:2      | Reached skill level 1 in Armour
  1291 | D:2      | Found a shattered altar of Ashenzari.
  1291 | D:2      | Found a basalt altar of Yredelemnul.
  1292 | D:2      | Found a sparkling altar of Nemelex Xobeh.
  1430 | D:3      | Gained mutation: When hurt, damage is shared between your health and your magic reserves. [demonic ancestry]
  1430 | D:3      | Reached XP level 5. HP: 37/42 MP: 5/5
  1622 | D:3      | Reached skill level 1 in Short Blades
  2138 | D:3      | Gained mutation: You have a pair of small antennae on your head. [demonic ancestry]
  2138 | D:3      | Reached XP level 6. HP: 33/48 MP: 3/6
  2278 | D:5      | Entered Level 5 of the Dungeon
  2289 | D:5      | HP: 1/48 [ogre/giant club (2)]
  2290 | D:5      | Succumbed to a gnoll's poison

Skill      XL: |  1  2  3  4  5  6 |
---------------+-------------------+-----
Polearms       | 3 |  3.1
Fighting       | 3 4 |  4.0
Armour         | 2 |  2.3
Short Blades   | 2 3 |  3.7
Throwing       | |  1.7
Dodging        | |  2.7

Action                   |  1- 3 |  4- 6 || total
-------------------------+-------+-------++-------
Melee: Trident           |    88 |    61 ||   149
       Short sword       |       |    60 ||    60
  Use: Scroll            |       |     3 ||     3
       Potion            |       |     2 ||     2
  Eat: Chunk             |       |     5 ||     5
Armor: Leather armour    |     7 |       ||     7
       Ring mail         |    11 |    53 ||    64
Dodge: Dodged            |    41 |    81 ||   122
